[Event "4NCL Div 1 2024-25"]
[Site "England"]
[Date "2025.04.05"]
[Round "7.27"]
[White "Badacsonyi, Stanley"]
[Black "Willow, Jonah B"]
[Result "0-1"]
[Annotator "RC"]
[ECO "D90"]
[WhiteElo "2298"]
[BlackElo "2454"]
[PlyCount "108"]
[EventDate "2024.11.23"]
[EventType "team-tourn"]
[EventCountry "ENG"]
[SourceTitle "playchess.com"]
[Source "ChessBase"]
[SourceQuality "1"]
[TimeControl "40/6000+30:3000+30"]

1. d4 Nf6 2. c4 g6 3. Nc3 d5 4. Nf3 Bg7 5. h4 dxc4 6. e4 O-O 7. h5 Nxh5 8. Bxc4 Bg4 9. Be3 Nd7 10. Qd2 Bxf3 11. gxf3 Nb6 12. Bb3 e5 13. d5 Qf6 14. O-O-O Nf4 15. Kb1 c6 16. dxc6 bxc6 17. Bc5 Rfd8 18. Qe3 Ng2 19. Qc1 h5 20. a4 Nf4 21. Be3 Nd7 22. Rhg1 Rab8 23. Ba2 a5 24. Rd2 Nf8 25. Rxd8 Rxd8 26. Bb6 Rb8 27. Qe3 Bh6 28. Bxa5 Nh3 29. Qa7 Nxg1 30. Qxb8 Qf4 31. Bc4 h4 32. Bb6 Qxf3 33. Bc7 Qxf2 34. Bb6 Be3 35. Bxf7+ Qxf7 36. Bxe3 h3 37. Bxg1 Qf1+ 38. Ka2 Qxg1 39. Qb3+ Kg7 40. Qb7+ Kg8 41. Qb3+ Kg7 42. Qb7+ Kh6 43. Qc8 Qf1 44. Qg4 g5 45. Ne2 h2 46. Ng3 h1=Q 47. Nxh1 Qxh1 48. Qf5 Ng6 49. b3 Qd1 50. Qh3+ Kg7 51. Qf5 g4 52. a5 Qd2+ 53. Kb1 g3 54. Qg4 g2 0-1

[Event "4NCL Div 1 2024-25"]
[Site "England"]
[Date "2025.04.05"]
[Round "7.28"]
[White "Golding, Alex"]
[Black "Yoon, Jacob D"]
[Result "1-0"]
[Annotator "RC"]
[ECO "B12"]
[WhiteElo "2404"]
[BlackElo "2270"]
[PlyCount "109"]
[EventDate "2024.11.23"]
[EventType "team-tourn"]
[EventCountry "ENG"]
[SourceTitle "playchess.com"]
[Source "ChessBase"]
[SourceQuality "1"]
[TimeControl "40/6000+30:3000+30"]

1. e4 c6 2. d4 d5 3. e5 c5 4. dxc5 e6 5. Be3 Nd7 6. Bb5 Ne7 7. Nf3 Nc6 8. O-O Bxc5 9. Bxc5 Nxc5 10. Nbd2 Qb6 11. Qe2 a6 12. Bxc6+ bxc6 13. Qe3 Rb8 14. c4 Nd7 15. Qg5 O-O 16. b3 a5 17. Rfd1 Nc5 18. Qe3 Ba6 19. Rac1 Rfc8 20. Rc3 Nd7 21. c5 Qb4 22. Rdc1 Qg4 23. h3 Qh5 24. Re1 Nf8 25. Nd4 Ng6 26. N2f3 Nh4 27. a3 Nxf3+ 28. Nxf3 Rc7 29. Qd2 Bc8 30. Kh2 Rcb7 31. Nd4 Bd7 32. f4 Qg6 33. g4 h5 34. Rg3 Qh6 35. g5 Qg6 36. Qxa5 h4 37. Rge3 Rxb3 38. Nxb3 Rxb3 39. Qd2 Rxe3 40. Rxe3 Qb1 41. Re1 Qb3 42. Qe3 Qc2+ 43. Re2 Qb1 44. Qf2 Qd3 45. Rb2 Qxa3 46. Rb8+ Kh7 47. Rd8 Qa7 48. Qxh4+ Kg6 49. Qf2 Kh7 50. Rf8 Qa4 51. Rxf7 Bc8 52. Rf8 Qa6 53. g6+ Kxg6 54. Qg3+ Kh5 55. Rh8# 1-0

[Event "4NCL Div 1 2024-25"]
[Site "England"]
[Date "2025.04.05"]
[Round "7.29"]
[White "Villiers, Thomas"]
[Black "Fitzsimons, David"]
[Result "0-1"]
[Annotator "ChessBase"]
[ECO "C13"]
[WhiteElo "2182"]
[BlackElo "2317"]
[PlyCount "72"]
[EventDate "2024.11.23"]
[EventType "team-tourn"]
[EventCountry "ENG"]
[SourceTitle "playchess.com"]
[Source "ChessBase"]
[SourceQuality "1"]
[TimeControl "40/6000+30:3000+30"]

1. e4 e6 2. d4 d5 3. Nc3 Nf6 4. Bg5 dxe4 5. Nxe4 Bd7 6. Nxf6+ gxf6 7. Bh4 Bc6 8. Nf3 Qe7 9. c3 Bg7 10. Ne5 O-O 11. Bd3 Rd8 12. Qh5 h6 13. O-O Qf8 14. f4 Rd5 15. Bc4 fxe5 16. Bxd5 Bxd5 17. fxe5 Be4 18. Rf4 Bg6 19. Qf3 Nc6 20. Rf1 Rb8 21. Bf6 Ne7 22. h4 h5 23. g4 Nd5 24. gxh5 Nxf4 25. hxg6 Nxg6 26. Qg4 Ne7 27. Rf2 Nf5 28. Rg2 Kh7 29. Qh5+ Bh6 30. b4 Qe8 31. Rg5 Qd7 32. d5 Rg8 33. Kh2 Rg6 34. c4 Ng7 35. Qg4 Bxg5 36. hxg5 b5 0-1

[Event "4NCL Div 1 2024-25"]
[Site "England"]
[Date "2025.04.05"]
[Round "7.30"]
[White "Arakhamia-Grant, Ketevan"]
[Black "Josse, Mark"]
[Result "1-0"]
[Annotator "ChessBase"]
[ECO "B42"]
[WhiteElo "2253"]
[BlackElo "2141"]
[PlyCount "105"]
[EventDate "2024.11.23"]
[EventType "team-tourn"]
[EventCountry "ENG"]
[SourceTitle "playchess.com"]
[Source "ChessBase"]
[SourceQuality "1"]
[TimeControl "40/6000+30:3000+30"]

1. e4 c5 2. Nf3 e6 3. d4 cxd4 4. Nxd4 a6 5. Bd3 Bc5 6. Nb3 Ba7 7. Qe2 d6 8. Be3 Nf6 9. Nc3 Nc6 10. f4 Bxe3 11. Qxe3 e5 12. f5 b5 13. O-O-O b4 14. Nd5 Nxd5 15. exd5 Nb8 16. g4 Bb7 17. Kb1 Nd7 18. g5 Qb6 19. Qf3 O-O-O 20. h4 Kb8 21. h5 a5 22. h6 g6 23. Rh4 a4 24. Nd2 Qc5 25. Ne4 Qb6 26. Bc4 Rc8 27. b3 Rc7 28. fxg6 fxg6 29. Qf2 Nc5 30. Qf6 Nxe4 31. Rxe4 Rhc8 32. Rxe5 Rxc4 33. bxc4 b3 34. cxb3 axb3 35. Re2 Rxc4 36. Rb2 bxa2+ 37. Ka1 Qc7 38. Qf8+ Ka7 39. Rxa2+ Ba6 40. Qf2+ Qb6 41. Rb1 Qxf2 42. Rxf2 Ra4+ 43. Kb2 Rb4+ 44. Kc1 Rc4+ 45. Kd2 Rd4+ 46. Ke3 Rd3+ 47. Ke4 Ra3 48. Rf7+ Ka8 49. Rb6 Ra4+ 50. Ke3 Ra3+ 51. Kd2 Ra2+ 52. Kc3 Ra3+ 53. Kb2 1-0

[Event "4NCL Div 1 2024-25"]
[Site "England"]
[Date "2025.04.05"]
[Round "7.31"]
[White "Mirzoeva, Elmira"]
[Black "O`Donnell, Conor"]
[Result "1/2-1/2"]
[Annotator "ChessBase"]
[ECO "D45"]
[WhiteElo "2258"]
[BlackElo "2293"]
[PlyCount "102"]
[EventDate "2024.11.23"]
[EventType "team-tourn"]
[EventCountry "ENG"]
[SourceTitle "playchess.com"]
[Source "ChessBase"]
[SourceQuality "1"]
[TimeControl "40/6000+30:3000+30"]

1. Nf3 d5 2. e3 Nf6 3. b3 e6 4. Bb2 Bd6 5. c4 Nbd7 6. Be2 O-O 7. O-O c6 8. d4 b6 9. Nbd2 Bb7 10. Qc2 Qe7 11. e4 Nxe4 12. Nxe4 dxe4 13. Qxe4 Nf6 14. Qh4 c5 15. Bd3 h6 16. Rfe1 Bxf3 17. gxf3 cxd4 18. Bxd4 Bc5 19. Bb2 Ba3 20. Be5 Nd7 21. Qxe7 Bxe7 22. Bg3 Bb4 23. Red1 f5 24. Be2 Rf7 25. a3 Bc3 26. Ra2 Bf6 27. Rad2 Nc5 28. b4 Na4 29. Bd6 Nc3 30. Re1 Nxe2+ 31. Rdxe2 Rc8 32. c5 bxc5 33. bxc5 e5 34. Rb1 Rc6 35. Reb2 Kh7 36. Rb7 Rxb7 37. Rxb7 e4 38. fxe4 fxe4 39. Rxa7 Bd4 40. Ra5 Kg6 41. a4 Kf5 42. Rb5 Ke6 43. Kf1 Kd5 44. Ke2 Ra6 45. a5 Kc4 46. Rb1 Kd5 47. Bc7 Rf6 48. Bg3 Bxc5 49. Rb7 g5 50. Rd7+ Kc6 51. Rd8 Kb5 1/2-1/2

[Event "4NCL Div 1 2024-25"]
[Site "England"]
[Date "2025.04.05"]
[Round "7.32"]
[White "Liu, Tianyi (Jack)"]
[Black "Smith, Andrew Philip"]
[Result "1-0"]
[Annotator "NA"]
[ECO "C41"]
[WhiteElo "2120"]
[BlackElo "2108"]
[PlyCount "69"]
[EventDate "2024.11.23"]
[EventType "team-tourn"]
[EventCountry "ENG"]
[SourceTitle "playchess.com"]
[Source "ChessBase"]
[SourceQuality "1"]
[TimeControl "40/6000+30:3000+30"]

1. e4 e5 2. Nf3 d6 3. d4 exd4 4. Nxd4 Nf6 5. Nc3 g6 6. Be3 Bg7 7. Qd2 O-O 8. O-O-O Re8 9. f3 Nc6 10. g4 Be6 11. Nxe6 Rxe6 12. h4 Ne5 13. Be2 b5 14. Nxb5 Rb8 15. Nd4 Re8 16. c3 c5 17. Nb3 c4 18. Nd4 Qa5 19. Kb1 Rb6 20. Nc2 Rb7 21. Nb4 Reb8 22. Ka1 Qa4 23. Qxd6 a5 24. Qa6 Rxb4 25. cxb4 Qxb4 26. Bd4 Nfd7 27. Bc3 Qf8 28. Qd6 Qc8 29. f4 Nd3 30. Bxg7 Kxg7 31. Bxd3 cxd3 32. Qxd3 Nc5 33. Qd4+ Kg8 34. Rc1 Rb5 35. h5 1-0

[Event "4NCL Div 1 2024-25"]
[Site "England"]
[Date "2025.04.05"]
[Round "7.33"]
[White "Ledger, Andrew J"]
[Black "Williams, Simon K"]
[Result "0-1"]
[Annotator "RC"]
[ECO "D45"]
[WhiteElo "2328"]
[BlackElo "2442"]
[PlyCount "56"]
[EventDate "2024.11.23"]
[EventType "team-tourn"]
[EventCountry "ENG"]
[SourceTitle "playchess.com"]
[Source "ChessBase"]
[SourceQuality "1"]
[TimeControl "40/6000+30:3000+30"]

1. c4 e6 2. Nf3 d5 3. d4 Nf6 4. Nc3 c6 5. e3 Ne4 6. Nxe4 dxe4 7. Nd2 f5 8. Be2 Nd7 9. O-O Bd6 10. c5 Bc7 11. b4 O-O 12. Bb2 Nf6 13. g3 Nd5 14. Qb3 Qg5 15. f4 exf3 16. Rxf3 Bd7 17. Rd1 Be8 18. Nf1 Bh5 19. Rf2 Bxe2 20. Rxe2 f4 21. exf4 Nxf4 22. Rc2 Qg4 23. Re1 Nh3+ 24. Kg2 Ng5 25. Kh1 Rf3 26. Rc3 Rxf1+ 27. Rxf1 Qe4+ 28. Rff3 Nxf3 0-1

[Event "4NCL Div 1 2024-25"]
[Site "England"]
[Date "2025.04.05"]
[Round "7.34"]
[White "Pert, Richard G"]
[Black "Gormally, Daniel W"]
[Result "1-0"]
[Annotator "RC"]
[ECO "D30"]
[WhiteElo "2399"]
[BlackElo "2424"]
[PlyCount "67"]
[EventDate "2024.11.23"]
[EventType "team-tourn"]
[EventCountry "ENG"]
[SourceTitle "playchess.com"]
[Source "ChessBase"]
[SourceQuality "1"]
[TimeControl "40/6000+30:3000+30"]

1. d4 d5 2. Nf3 c5 3. c4 e6 4. e3 Nf6 5. cxd5 exd5 6. Bb5+ Bd7 7. Bxd7+ Nbxd7 8. dxc5 Nxc5 9. O-O Be7 10. Bd2 O-O 11. Bc3 Nfe4 12. Bd4 Ne6 13. Be5 Bf6 14. Nbd2 Nxd2 15. Qxd2 Ng5 16. Nxg5 Bxe5 17. Nf3 Bf6 18. Rac1 Qb6 19. b3 Rad8 20. Rfd1 Rfe8 21. h3 g6 22. Qd3 Re4 23. Qc2 Re6 24. Qc7 Rc6 25. Qf4 Kg7 26. Nd4 Rxc1 27. Rxc1 Re8 28. Nf3 Re4 29. Qc7 Qe6 30. Rd1 d4 31. exd4 Re2 32. d5 Qa6 33. a4 Rb2 34. Ne5 1-0

[Event "4NCL Div 1 2024-25"]
[Site "England"]
[Date "2025.04.05"]
[Round "7.35"]
[White "Ansell, Simon T"]
[Black "Kirk, Ezra"]
[Result "0-1"]
[Annotator "RC"]
[ECO "C02"]
[WhiteElo "2323"]
[BlackElo "2386"]
[PlyCount "92"]
[EventDate "2024.11.23"]
[EventType "team-tourn"]
[EventCountry "ENG"]
[SourceTitle "playchess.com"]
[Source "ChessBase"]
[SourceQuality "1"]
[TimeControl "40/6000+30:3000+30"]

1. e4 e6 2. d4 d5 3. e5 c5 4. c3 Nc6 5. Nf3 Bd7 6. Be2 f6 7. O-O fxe5 8. Nxe5 Nxe5 9. dxe5 Qc7 10. Bf4 Ne7 11. Re1 O-O-O 12. a4 Nf5 13. Na3 c4 14. Bg4 Nh6 15. Nb5 Qb6 16. Be3 Bc5 17. Bxc5 Qxc5 18. Nd4 Nxg4 19. Qxg4 Qe7 20. b3 cxb3 21. Reb1 Kb8 22. Rxb3 Rc8 23. a5 Rc7 24. Qe2 Ka8 25. Qe3 Rhc8 26. f4 g6 27. h3 Rc4 28. Ne2 Re4 29. Qd3 Rc7 30. Kh2 g5 31. a6 b6 32. f5 exf5 33. Qxd5+ Kb8 34. Nd4 Qxe5+ 35. Qxe5 Rxe5 36. Nf3 Re2 37. Nd4 Re3 38. Raa3 f4 39. Ra5 h6 40. Rd5 Kc8 41. Rd6 h5 42. Rg6 g4 43. Rg8+ Re8 44. Rxe8+ Bxe8 45. hxg4 hxg4 46. Ne6 g3+ 0-1

[Event "4NCL Div 1 2024-25"]
[Site "England"]
[Date "2025.04.05"]
[Round "7.37"]
[White "Webb, Laurence E"]
[Black "Pert, Nicholas"]
[Result "1-0"]
[Annotator "TA"]
[ECO "D14"]
[WhiteElo "2217"]
[BlackElo "2527"]
[PlyCount "81"]
[EventDate "2024.11.23"]
[EventType "team-tourn"]
[EventCountry "ENG"]
[SourceTitle "playchess.com"]
[Source "ChessBase"]
[SourceQuality "1"]
[TimeControl "40/6000+30:3000+30"]

1. d4 d5 2. c4 c6 3. cxd5 cxd5 4. Bf4 Nc6 5. e3 Nf6 6. Nc3 Bg4 7. Qb3 Na5 8. Qa4+ Bd7 9. Qc2 Rc8 10. Bd3 b5 11. a3 e6 12. Nf3 Be7 {[%emt 0:01:08] D14: Slav Defence: Exchange variation with ...Bf5.} 13. O-O O-O 14. Ne5 a6 {[%emt 0:06:53] White has an edge.} 15. Qe2 Be8 16. h3 {[%emt 0:02:32] The position is symmetric and equal} Nd7 17. Nxd7 Bxd7 18. Rac1 Nc4 19. Rfd1 Bc6 $146 (19... Re8 20. Ra1 Qb6 21. Rdc1 Rc6 22. Nd1 Ra8 23. Rc2 Rac8 24. Rac1 g6 25. Bg3 h5 {1-0 Compagnie,L (2409)-Genchev,M (2261) W-Cup22 WS24 email 2017}) 20. Rc2 a5 21. Bxc4 bxc4 22. Be5 f6 23. Bg3 Be8 24. Rcd2 Bg6 25. e4 dxe4 26. d5 exd5 {[%emt 0:00:48][%mdl 8192] Black is on the road to losing.} (26... Qd7 $11) 27. Nxd5 $18 Qe8 {[%emt 0:11:51][%cal Oc4c3] [#]} 28. Nxe7+ $1 Qxe7 29. Bd6 Qe8 30. Bxf8 Qxf8 31. Qe3 h5 32. Qb6 {[%emt 0:05:15][%cal Od2d8] [#] And now Rd8! would win.} Kh7 33. Qxa5 e3 34. fxe3 Qe7 35. Qc3 Rc7 36. Rd5 Rb7 37. Qd4 (37. Qxc4 Qxe3+ 38. Kh2 Rxb2 $14) 37... Rb3 38. e4 (38. Qxc4 Qxe3+ 39. Kh2 Rxb2 $14) 38... Rg3 39. Kh2 (39. Qxc4 Bxe4 40. Rxh5+ Kg6 $14) 39... h4 40. e5 ({Less strong is} 40. Qxc4 Bxe4 41. R1d2 (41. Rh5+ $2 Kg6 $19) 41... f5 $16) 40... f5 41. Qf4 {[%emt 0:51:39] Weighted Error Value: White=0.05 (flawless) /Black=0.39  Loses game:     	---       	Black=1      Inaccurate:     	White=2     	Black=4      OK:         	White=13    	Black=7      Best:        	White=2     	---        Strong:       	White=1     	---} 1-0

[Event "4NCL Div 1 2024-25"]
[Site "England"]
[Date "2025.04.05"]
[Round "7.38"]
[White "Eggleston, David J"]
[Black "Ledger, Dave J"]
[Result "1-0"]
[Annotator "ChessBase"]
[ECO "C79"]
[WhiteElo "2339"]
[BlackElo "2191"]
[PlyCount "69"]
[EventDate "2024.11.23"]
[EventType "team-tourn"]
[EventCountry "ENG"]
[SourceTitle "playchess.com"]
[Source "ChessBase"]
[SourceQuality "1"]
[TimeControl "40/6000+30:3000+30"]

1. e4 e5 2. Nf3 Nc6 3. Bb5 a6 4. Ba4 d6 5. c3 Bd7 6. d4 g6 7. O-O Bg7 8. Re1 Nf6 9. Bxc6 Bxc6 10. dxe5 dxe5 11. Qxd8+ Rxd8 12. Nxe5 Ba4 13. Nd2 O-O 14. Nec4 Rfe8 15. f3 Nh5 16. Nb3 b6 17. Bg5 Rd7 18. Rad1 h6 19. Rxd7 Bxd7 20. Be3 a5 21. Nd4 Bf8 22. a3 Kh7 23. Kf2 Ng7 24. Rd1 Ne6 25. Ne5 Ba4 26. Rd2 Kg7 27. b3 Nxd4 28. Bxd4 c5 29. bxa4 cxd4 30. cxd4 Bxa3 31. Nc6 f5 32. e5 f4 33. Ke2 Rc8 34. d5 Bc1 35. Rc2 1-0

[Event "4NCL Div 1 2024-25"]
[Site "England"]
[Date "2025.04.05"]
[Round "7.39"]
[White "Varney, Zoe"]
[Black "Pert, Max"]
[Result "1-0"]
[Annotator "NA"]
[ECO "B12"]
[WhiteElo "1996"]
[BlackElo "2076"]
[PlyCount "45"]
[EventDate "2024.11.23"]
[EventType "team-tourn"]
[EventCountry "ENG"]
[SourceTitle "playchess.com"]
[Source "ChessBase"]
[SourceQuality "1"]
[TimeControl "40/6000+30:3000+30"]

1. e4 c6 2. d4 d5 3. e5 c5 4. Nf3 Nc6 5. dxc5 Bg4 6. c3 e6 7. Be3 Nge7 8. Nbd2 Nf5 9. Bd4 Be7 10. h3 Bxf3 11. Nxf3 O-O 12. Qa4 Qc7 13. Bb5 a5 14. Bxc6 bxc6 15. O-O Rfb8 16. Rab1 Rb5 17. b4 Qb7 18. Qb3 axb4 19. cxb4 Qa6 20. g4 Nh6 21. Qd3 Qxa2 22. Ra1 Ra3 23. Qxa3 1-0

[Event "4NCL Div 1 2024-25"]
[Site "England"]
[Date "2025.04.05"]
[Round "7.40"]
[White "Pert, Nina"]
[Black "Ledger, Stephen C"]
[Result "0-1"]
[Annotator "ChessBase"]
[ECO "B23"]
[WhiteElo "1984"]
[BlackElo "2013"]
[PlyCount "116"]
[EventDate "2024.11.23"]
[EventType "team-tourn"]
[EventCountry "ENG"]
[SourceTitle "playchess.com"]
[Source "ChessBase"]
[SourceQuality "1"]
[TimeControl "40/6000+30:3000+30"]

1. e4 c5 2. Nc3 Nc6 3. f4 g6 4. Nf3 Bg7 5. Be2 d6 6. O-O e6 7. d3 Nge7 8. Qe1 Nd4 9. Nxd4 cxd4 10. Nb1 O-O 11. Nd2 Bd7 12. Nf3 Rc8 13. Bd1 Nc6 14. Kh1 f5 15. exf5 gxf5 16. Ng5 Qf6 17. Bf3 h6 18. Nh3 e5 19. Nf2 Rfe8 20. Bh5 Re7 21. fxe5 Qh4 22. Bf3 dxe5 23. g3 Qf6 24. Bd2 Qd6 25. Bg2 Be6 26. Qe2 Nb4 27. Bxb4 Qxb4 28. Nd1 Rf8 29. a4 Qc5 30. Nf2 Bd5 31. Nh3 Rc7 32. Rac1 Qc6 33. b3 Bxg2+ 34. Qxg2 Qxg2+ 35. Kxg2 Kh7 36. Rfe1 Kg6 37. Re2 Rfc8 38. Nf2 Rc3 39. g4 f4 40. Kf3 Rxb3 41. Ne4 Rxd3+ 42. Kf2 Re3 43. Nd6 Rc7 44. Rd2 Bf8 45. Nf5 Bb4 46. Re2 Rxe2+ 47. Kxe2 Ba3 48. Rb1 Rxc2+ 49. Kd3 Rb2 50. Re1 Rb3+ 51. Kc4 Rc3+ 52. Kd5 d3 53. Kxe5 Rc1 54. Re4 d2 55. Nh4+ Kh7 56. Nf5 d1=Q 57. Kf6 Rc6+ 58. Kf7 Qd7+ 0-1

[Event "4NCL Div 1 2024-25"]
[Site "England"]
[Date "2025.04.05"]
[Round "7.41"]
[White "Waldhausen Gordon, Frederick"]
[Black "Maroroa Jones, Gawain C B"]
[Result "1/2-1/2"]
[Annotator "TA"]
[ECO "C27"]
[WhiteElo "2361"]
[BlackElo "2654"]
[PlyCount "116"]
[EventDate "2024.11.23"]
[EventType "team-tourn"]
[EventCountry "ENG"]
[SourceTitle "playchess.com"]
[Source "ChessBase"]
[SourceQuality "1"]
[TimeControl "40/6000+30:3000+30"]

1. e4 e5 2. Nc3 Nf6 3. Bc4 Bc5 4. Nf3 d6 5. d3 c6 6. a3 {[%emt 0:01:49] C27: Vienna Game: 2...Nf6 3 Bc4 Nxe4.} O-O 7. O-O a5 8. Ba2 h6 9. Ne2 $146 (9. Be3 Bxe3 10. fxe3 Be6 11. Bxe6 fxe6 12. d4 Nbd7 13. dxe5 Nxe5 14. Nxe5 dxe5 15. Qxd8 Rfxd8 {0-1 Ter Sahakyan,S (2640)-Demchenko,A (2641) PNWCC Online blitz JP 19th 2020 (4)}) 9... Bg4 10. Ng3 Nh5 11. Nxh5 {[%emt 0:08:03] The position is symmetric and equal} Bxh5 12. h3 Na6 13. Qe2 Kh8 14. Be3 Qc8 15. Bxc5 Nxc5 16. Qe3 $1 Bxf3 17. Qxf3 f5 18. exf5 Rxf5 19. Qe3 Qf8 20. b4 Na4 21. c4 Nc3 22. Qd2 axb4 23. axb4 Ra3 {[%emt 0:01:54] [#] aiming for ...Qa8.} 24. Qb2 Rxa2 25. Rxa2 (25. Qxc3 $2 {is the wrong capture.} Rfxf2 26. Rxa2 Rxf1+ 27. Kh2 Qf4+ 28. g3 Qf3 $19) 25... Nxa2 26. Qxa2 $11 {[%emt 0:00:04][%mdl 4096] Endgame KQR-KQR} Rg5 27. Qe2 {[%emt 0:03:41] Inhibits Qf3.} d5 28. cxd5 cxd5 29. Rc1 Kh7 30. Rc5 Qf7 31. g3 {[%emt 0:04:48] The position is equal.} b6 32. Rc2 Qf4 33. b5 Qb4 34. Rb2 Qd4 35. Kh2 Rf5 36. Kg2 h5 37. h4 e4 38. dxe4 dxe4 39. Rb3 Qd5 40. Re3 Re5 41. Kg1 Qxb5 42. Qxb5 Rxb5 43. Rxe4 {[%emt 0:00:06] KR-KR} Kg6 44. Re7 Kf6 45. Rb7 Rb2 46. Kg2 g6 47. Kf3 Ke5 48. Re7+ Kf5 49. Rf7+ Ke6 50. Rg7 Kf6 51. Rb7 b5 52. Ke4 Re2+ 53. Kf3 Re5 54. Kf4 Rc5 55. Rb6+ Kf7 56. f3 Rf5+ 57. Ke4 Rc5 58. Kf4 Rf5+ {[%emt 0:00:00] An even fight not without its subleties.   Weighted Error Value: White=0.03 (flawless) /Black=0.04 (flawless)   Inaccurate:     	White=2     	Black=2      OK:         	White=17    	Black=21     Best:        	White=1     	Black=1      Strong:       	White=1     	---} 1/2-1/2

[Event "4NCL Div 1 2024-25"]
[Site "England"]
[Date "2025.04.05"]
[Round "7.42"]
[White "Alsina Leal, Daniel"]
[Black "Olson, Hamish"]
[Result "1-0"]
[Annotator "TA"]
[ECO "C95"]
[WhiteElo "2496"]
[BlackElo "2374"]
[PlyCount "81"]
[EventDate "2024.11.23"]
[EventType "team-tourn"]
[EventCountry "ENG"]
[SourceTitle "playchess.com"]
[Source "ChessBase"]
[SourceQuality "1"]
[TimeControl "40/6000+30:3000+30"]

1. e4 e5 2. Nf3 Nc6 3. Bb5 a6 4. Ba4 Nf6 5. O-O Be7 6. Re1 b5 7. Bb3 d6 8. c3 O-O 9. h3 Nb8 10. d4 Nbd7 11. c4 c6 12. Qc2 {[%emt 0:02:03] C95: Closed Ruy Lopez: Breyer Variation with 10 d4.} Bb7 13. a3 Rc8 (13... exd4 $11 14. Nxd4 bxc4 15. Bxc4 d5) 14. Nc3 $14 {[%emt 0:00:41] White is slightly better.} exd4 15. Nxd4 bxc4 (15... Re8 $11) 16. Bxc4 $16 d5 17. Ba2 c5 (17... Bd6 $16) 18. Nf5 $18 (18. Bxd5 $2 Nxd5 (18... cxd4 19. Bxb7 Rc7 20. Bxa6 $17) 19. Nf5 Nc7 $19 (19... Nxc3 $2 20. Qxc3 Bf6 21. Qg3 $19)) 18... dxe4 $146 {[%emt 0:01:30][%csl Oa6,Oc5] Black has weak pawns} (18... d4 19. Nd5 Nxd5 20. exd5 Bf6 21. Nd6 Rb8 22. Nxb7 Rxb7 23. Bf4 Qb6 24. Rab1 a5 {1-0 Kubicka,A (2217)-Diermair,A (2446) EU-ch Blitz Katowice 2022 (13)}) 19. Bf4 ({Better is} 19. Bg5 $18) 19... c4 $16 20. Rad1 {[%emt 0:02:49] White has more active pieces.} g6 (20... Re8 $16 {is a better defense.}) 21. Ne3 $18 Qe8 22. Nxc4 (22. Bxc4 Nb6 $16) 22... Nc5 23. Nd6 Bxd6 24. Bxd6 (24. Rxd6 $6 Nd3 $16) 24... Nd3 25. Re2 Kg7 26. Bxf8+ (26. Rxd3 $6 exd3 27. Bxf8+ (27. Rxe8 dxc2 28. Bxf8+ Kg8 $14) 27... Qxf8 28. Qxd3 Qc5 $16) 26... Qxf8 27. Qd2 Qc5 28. Qe3 Qc7 29. Bb1 Qc6 30. Red2 Re8 31. f3 (31. Nxe4 $2 Rxe4 32. Rc2 (32. Qxd3 $2 Re1+ 33. Rxe1 Qxg2#) 32... Qd5 $17) 31... exf3 32. Qxd3 Qe6 33. Ba2 Qe5 34. Qd4 Qg3 35. Rf2 {[%emt 0:02:25] [#]} Re5 36. Qd3 Rg5 37. Qe3 {[%emt 0:00:33][%cal Oa2f7] and Bxf7! should not be overlooked} Nh5 (37... Rh5 $142) 38. Bd5 (38. Rd7 $142) 38... Nf4 39. Qxf3 ({Less strong is} 39. Bxb7 Nxh3+ 40. Kf1 fxg2+ (40... Qxf2+ 41. Qxf2 Nxf2 42. Kxf2 $18) 41. Ke2 Qg4+ (41... g1=Q $2 {loses.} 42. Rxf7+ Kh6 43. Rxg1 $18) (41... Re5 42. Be4 $16) 42. Bf3 g1=Q 43. Rxg1 (43. Bxg4 Qxg4+ 44. Kd2 Nxf2 $16) 43... Nxg1+ 44. Kd2 Nxf3+ 45. Rxf3 (45. Qxf3 Qd4+ 46. Ke2 Rf5 $14) 45... h5 $16) 39... Nxh3+ 40. Kf1 Qxf2+ 41. Qxf2 {[%emt 0:50:09] Weighted Error Value: White=0.60/Black=0.47  Mistake:       	White=2     	Black=5      Inaccurate:     	White=2     	Black=2      OK:         	White=13    	Black=8      Best:        	White=2     	Black=2} 1-0